 Dungeon Crawl Stone Soup version 0.17-a0-1842-gacc33f2 (webtiles) character file.

3678 Geeful the Martial Artist (level 10, -10/67 HPs)
             Began as a Human Wanderer on Sept 17, 2015.
             Was a High Priest of Qazlal.
             Mangled by Grum
             ... wielding a +1 spear
              (12 damage)
             ... on level 8 of the Dungeon.
             The game lasted 00:43:14 (12306 turns).

Geeful the Martial Artist (Human Wanderer)         Turns: 12306, Time: 00:43:14

Health: -10/67     AC: 16    Str: 13    XL:     10   Next: 34%
Magic:  10/10      EV: 11    Int: 19    God:    Qazlal [*****.]
Gold:   349        SH: 11    Dex: 14    Spells: 0 memorised, 9 levels left

rFire  . . .     SeeInvis .       - Unarmed
rCold  . . .     Clarity  .     o - +0 scale mail
rNeg   . . .     SustAt   .     d - +0 buckler
rPois  .         Gourm    .     C - +2 helmet of Delan {rElec Int+5}
rElec  +         Spirit   .     y - +0 cloak
rCorr  .         Warding  .     n - +1 pair of gloves
rMut   .         Stasis   .     I - +1 pair of boots
MR     .....                    (no amulet)
Stlth  ..........               (no ring)
                                (no ring)

@: lethally poisoned (-10 -> -15), repel missiles, not resistant to hostile
enchantments, extremely unstealthy
A: no striking features
a: Upheaval, Elemental Force, Disaster Area, Renounce Religion


You were on level 8 of the Dungeon.
You worshipped Qazlal.
Qazlal was extremely pleased with you.
You were hungry.

You visited 1 branch of the dungeon, and saw 11 of its levels.

You collected 349 gold pieces.

Inventory:

Hand weapons
 t - a -1 blowgun
Missiles
 b - 2 javelins
 p - 29 poisoned needles
 L - a throwing net (quivered)
Armour
 d - a +0 buckler (worn)
 e - a +0 robe
 n - a +1 pair of gloves (worn)
 o - a +0 scale mail (worn)
 u - a +0 chain mail
 v - a +0 helmet
 y - a +0 cloak (worn)
 C - the +2 helmet of Delan (worn) {rElec Int+5}
   (You found it on level 5 of the Dungeon)

   It affects your intelligence (+5).
   It insulates you from electricity.
 I - a +1 pair of boots (worn)
Jewellery
 s - an uncursed ring of ice
 E - an uncursed amulet of stasis
Magical devices
 r - a wand of flame (24)
 G - a wand of hasting (5)
Scrolls
 g - 2 scrolls of remove curse
 i - a scroll of amnesia
 j - 2 scrolls of teleportation
 l - a scroll of noise
 m - a scroll of enchant armour
Potions
 h - 3 potions of mutation
 k - 5 potions of curing
 z - a potion of heal wounds
 D - a potion of cancellation {unknown}
 H - a potion of degeneration {unknown}
 J - a potion of might {unknown}
 K - a potion of haste
Books
 c - the Handbook of Calling

   Spells                             Type                      Level
   a - Summon Butterflies             Summoning                    1
   b - Recall                         Summoning/Translocation      3
Comestibles
 a - 4 chunks of flesh
 f - 10 bread rations
 q - 2 meat rations
 B - 7 beef jerkies


   Skills:
 - Level 2.0 Fighting
   Level 1.0 Crossbows
 * Level 5.7 Armour
 * Level 5.5 Dodging
 - Level 1.0 Stealth
 - Level 4.2 Shields
 + Level 10.9 Unarmed Combat
   Level 2.0 Conjurations
   Level 1.0 Hexes


You had 9 spell levels left.
You didn't know any spells.

Dungeon Overview and Level Annotations

Branches:
Dungeon (11/15)            Temple (0/1) D:5
   Lair: D:8-11         Orc: D:9-12

Altars:
Dithmenos
Elyvilon
Makhleb
Nemelex Xobeh
Okawaru
Qazlal
Ru
Trog
Xom
The Shining One

Shops:
D:5 :

Annotations:
D:8 Erica, Grum


Message History

Grum is severely wounded.
You are feeling hungry.
You feel sick. Something hits you but does no damage.
Your scale mail prevents you from hitting Grum.
Grum is severely wounded.
Grum hits you with an enchanted spear.
* * * LOW HITPOINT WARNING * * *
You hit Grum but do no damage.
Grum is severely wounded.
You feel sick. Something hits you but does no damage.
Grum hits you with an enchanted spear.
* * * LOW HITPOINT WARNING * * *
You hit Grum but do no damage.
Grum is severely wounded.
You feel sick. Something hits you!
* * * LOW HITPOINT WARNING * * *
Something burns you.
* * * LOW HITPOINT WARNING * * *
Grum hits you with an enchanted spear!
You die...

#. .# #...#.
.. #. .# #.#
#.# ## .. ..#
#.# #.# #.#
#.# #.# #.#
#.# #.# #.#
####
#>####.###...#
#..@g..##..#
#.§.).....#
#########..#
Z#.§(# .@ ..##
#.. #... #.#
.### .. .# ...
..


You could see Grum.

Vanquished Creatures
  Pikel (D:6)
  3 orc warriors
  Eustachio (D:4)
  3 wolves (D:8)
  A black bear (D:8)
  2 ogres
  A phantom (D:7)
  A centaur (D:7)
  Blork the orc (D:4)
  4 big kobolds
  3 giant frogs
  A wyvern skeleton (D:9)
  2 scorpions
  A centaur zombie (D:5)
  4 crimson imps
  2 hounds
  5 orc priests
  A centaur skeleton (D:4)
  3 iguanas
  A giant frog skeleton (D:6)
  3 orc wizards
  3 worker ants
  3 hound zombies
  2 hound skeletons
  A worker ant zombie (D:5)
  Robin (D:4)
  7 gnolls
  12 adders
  2 adder skeletons
  An adder zombie (D:7)
  5 worms
  5 giant geckos
  35 orcs
  3 ball pythons
  9 giant cockroaches
  11 hobgoblins
  6 jackals
  60 kobolds
  4 quokkas
  14 bats
  A giant gecko skeleton (D:7)
  10 giant newts
  22 goblins
  A jackal zombie (D:5)
  A quokka skeleton (D:6)
  6 rats
269 creatures vanquished.

Vanquished Creatures (others)
  2 slaves (D:6)
  2 giant frog skeletons (D:6)
  An orc wizard (D:6)
5 creatures vanquished.

Grand Total: 274 creatures vanquished

Notes
Turn   | Place    | Note
--------------------------------------------------------------
     0 | D:1      | Geeful the Human Wanderer began the quest for the Orb.
     0 | D:1      | Geeful set off with: a +2 dagger, a potion of berserk rage, the Handbook of Calling, a +0 buckler, a +0 robe, a bread ration
     0 | D:1      | Reached XP level 1. HP: 16/16 MP: 1/1
   532 | D:1      | Reached XP level 2. HP: 22/22 MP: 2/2
   831 | D:1      | HP: 1/22 [giant gecko (2)]
  1273 | D:1      | Reached XP level 3. HP: 27/27 MP: 3/3
  1940 | D:1      | Reached skill level 3 in Shields
  2058 | D:2      | Reached skill level 1 in Unarmed Combat
  2144 | D:2      | Reached XP level 4. HP: 20/33 MP: 4/4
  3344 | D:2      | Reached XP level 5. HP: 19/38 MP: 5/5
  3724 | D:3      | Found a sacrificial altar of Ru.
  3733 | D:3      | Found a stormy altar of Qazlal.
  3739 | D:3      | Became a worshipper of Qazlal Stormbringer
  4119 | D:3      | Acquired Qazlal's first power
  4819 | D:3      | Reached skill level 4 in Shields
  4870 | D:2      | Reached XP level 6. HP: 23/44 MP: 6/6
  5826 | D:3      | Reached XP level 7. HP: 47/50 MP: 7/7
  5840 | D:3      | Acquired Qazlal's second power
  6051 | D:3      | Reached skill level 5 in Unarmed Combat
  6629 | D:4      | Noticed Eustachio
  6858 | D:4      | Killed Eustachio
  6858 | D:4      | Reached skill level 6 in Unarmed Combat
  7074 | D:4      | Found a glowing golden altar of the Shining One.
  7076 | D:4      | Noticed Robin
  7084 | D:4      | Killed Robin
  7096 | D:4      | Acquired Qazlal's third power
  7388 | D:4      | Reached XP level 8. HP: 36/56 MP: 8/8
  7556 | D:4      | Reached skill level 7 in Unarmed Combat
  7581 | D:4      | Noticed Blork the orc
  8021 | D:4      | Killed Blork the orc
  8353 | D:5      | Entered Level 5 of the Dungeon
  8449 | D:5      | Found Mazesiawk's Book Shoppe.
  8473 | D:5      | Reached skill level 8 in Unarmed Combat
  8531 | D:5      | Found a shimmering altar of Xom.
  8533 | D:5      | Got an ichor-stained helmet
  8560 | D:5      | Identified the +2 helmet of Delan {rElec Int+5} (You found it on level 5 of the Dungeon)
  8665 | D:5      | Found a staircase to the Ecumenical Temple.
  8931 | D:6      | Noticed Pikel
  8947 | D:6      | Killed Pikel
  8947 | D:6      | Reached skill level 10 in Unarmed Combat
  8947 | D:6      | Reached XP level 9. HP: 46/61 MP: 9/9
  9323 | D:6      | Reached skill level 1 in Dodging
  9372 | D:6      | HP: 2/61 [orc priest/hand axe (3)]
  9672 | D:6      | Found a white marble altar of Elyvilon.
  9804 | D:6      | Found a shadowy altar of Dithmenos.
  9914 | D:6      | Found a bloodstained altar of Trog.
 10098 | D:6      | Found a sparkling altar of Nemelex Xobeh.
 10098 | D:6      | Found an iron altar of Okawaru.
 10283 | D:7      | Found a sparkling altar of Nemelex Xobeh.
 10368 | D:7      | Acquired Qazlal's fourth power
 11557 | D:6      | Reached XP level 10. HP: 10/67 MP: 10/10
 11944 | D:8      | You fall through a shaft for 3 floors!
 11951 | D:10     | Entered Level 10 of the Dungeon
 12126 | D:9      | Acquired Qazlal's fifth power
 12133 | D:9      | Reached skill level 5 in Armour
 12151 | D:9      | Found a burning altar of Makhleb.
 12245 | D:8      | Reached skill level 5 in Dodging
 12284 | D:8      | Noticed Grum
 12288 | D:8      | Noticed Erica
 12306 | D:8      | HP: 3/67 [something (11)]
 12306 | D:8      | Mangled by Grum

Vault maps used:
D:1:      dpeg_cavernosity
D:3:      minmay_goblin_kobold_castle, nicolae_overflow_crystal_walls,
          overflow_temple_1_default, first_bread, serial_curves, eino_curves_03,
          eino_curves_03
D:4:      lemuel_crystal_altar, uniq_robin, uniq_blork_the_orc, uniq_eustachio
D:5:      minmay_temple_entry_purple_smoke, serial_shops, shop_statue,
          xom_teletrap_fun
D:6:      nicolae_dithmenos_through_a_glass_darkly,
          lemuel_coloured_pillars_altar, kennysheep_mini_moat,
          gammafunk_temple_overflow_wave, minivault_27, uniq_pikel
D:7:      grunt_ogre_cave, nemelex_deck
D:8:      grunt_temple_overflow_open, lair_0_dummy, uniq_grum, uniq_erica
D:9:      wad_arrow_thing, basic_altar, lightli_fourway_metalbox

Action                   |  1- 3 |  4- 6 |  7- 9 | 10-12 || total
-------------------------+-------+-------+-------+-------++-------
Melee: Dagger            |    68 |       |       |       ||    68
       Short sword       |    63 |    38 |       |       ||   101
       Unarmed           |       |   464 |   625 |    93 ||  1182
 Fire: Blowgun           |       |       |       |    15 ||    15
Evoke: Wand              |       |       |     8 |       ||     8
  Use: Scroll            |     4 |     2 |    15 |     1 ||    22
       Potion            |     1 |     2 |     2 |       ||     5
 Stab: Sleeping          |     5 |     1 |       |       ||     6
  Eat: Chunk             |     5 |     3 |    17 |     2 ||    27
       Meat ration       |       |     2 |       |       ||     2
       Pizza             |       |       |     1 |       ||     1
